 Dungeon Sprint DCSS version 0.26.1-2-gb8aa6d0cf2 (webtiles) character file.

Game seed: 890207139142760732

5161 Groucho the Unseen (level 10, -2/53 HPs)
             Began as a Spriggan Enchanter on Feb 17, 2021.
             Was a High Priest of Makhleb.
             Slain by a spriggan defender
             ... wielding a +2 flail of protection
              (24 damage)
             ... in the Dungeon (Sprint IV: "Fedhas' Mad Dash").
             The game lasted 00:05:59 (1463 turns).

Groucho the Unseen (Spriggan Enchanter)             Turns: 1463, Time: 00:05:59

Health: -2/53      AC:  2    Str:  7    XL:     10   Next: 33%
Magic:  22/27      EV: 26    Int: 17    God:    Makhleb [*****.]
Gold:   178        SH:  0    Dex: 17    Spells: 21/33 levels left

rFire    . . .     SeeInvis +   a - +1 dagger
rCold    . . .     Faith    .   (shield restricted)
rNeg     . . .     Spirit   .   b - +0 robe
rPois    .         Reflect  .   (helmet restricted)
rElec    .         Harm     .   (no cloak)
rCorr    .         Rampage  .   (gloves unavailable)
Will     +....     NoTele   +   (boots unavailable)
Stlth    ++++++....             h - amulet of invisibility {+Inv}
HPRegen  0.17/turn              (no ring)
MPRegen  0.20/turn              (no ring)

@: confusing touch, very slightly contaminated, invisible (expiring), very quick
A: very small, unfitting armour, see invisible, speed 3
a: Renounce Religion, Evoke Invisibility, Minor Destruction, Lesser Servant of
Makhleb, Major Destruction, Greater Servant of Makhleb


You were in the Dungeon.
You worshipped Makhleb.
Makhleb was extremely pleased with you.
You visited 1 branch You collected 178 gold pieces.

Inventory:

Hand Weapons
 a - a +1 dagger (weapon)
 j - a +3 dagger of speed
Armour
 b - a +0 robe (worn)
 n - a +1 robe of positive energy
Jewellery
 h - the amulet of invisibility (around neck) {+Inv}
   (You found it in the Dungeon)

   [amulet of nothing]

   It lets you turn invisible.
Scrolls
 c - a scroll of remove curse {unknown}
 l - a scroll of magic mapping {unknown}
 m - a scroll of amnesia {unknown}
Potions
 d - a potion of curing
 e - a potion of heal wounds
 f - a potion of haste
 g - 2 potions of magic
 i - a potion of mutation {unknown}
 k - a potion of lignification {unknown}


   Skills:
 + Level 5.9 Fighting
 + Level 8.1 Short Blades
 + Level 10.7 Dodging
 - Level 15.3 Stealth
 + Level 12.2 Spellcasting
 + Level 2.2 Conjurations
 - Level 14.0 Hexes
 + Level 2.5 Ice Magic
 + Level 10.0 Invocations


You had 21 spell levels left.
You knew the following spells:

 Your Spells              Type           Power        Failure   Level
a - Corona                Hex            61%          1%          1
b - Ensorcelled Hibernat  Hex/Ice        76%          1%          2
c - Confusing Touch       Hex            55%          1%          3
d - Tukima's Dance        Hex            55%          1%          3
e - Dazzling Flash        Conj/Hex       76%          1%          3

Your spell library contained the following spells:

 Spells                   Type           Power        Failure   Level
 Metabolic Englaciation   Hex/Ice        19%          6%          5
 Yara's Violent Unravell  Hex/Tmut       17%          11%         5
 Gell's Gravitas          Tloc           5%           21%         3
 Petrify                  Tmut/Erth      10%          56%         4


Dungeon Overview and Level Annotations

Branches:
Dungeon (1/1)

Altars:
Cheibriados
Dithmenos
Elyvilon
Gozag
Hepliaklqana
Kikubaaqudgha
Makhleb
Nemelex Xobeh
Okawaru
Qazlal
Ru
Sif Muna
Trog
Uskayaw
Vehumet
Wu Jian
Xom
Yredelemnul
Zin
The Shining One
Beogh
Jiyva
Lugonu

Shops:
D [(


Innate Abilities, Weirdness & Mutations

You are very small and have problems with some larger weapons.
You are too small for most types of armour.
You have supernaturally acute eyesight. (SInv)
You cover ground extremely quickly.


Message History

n - a +1 robe of positive energy A spriggan defender comes into view.
It is wielding a +2 flail of protection.
Found a masterwork flail.
There is an entrance to Daptaero's Armour Emporium here.
You flicker for a moment.
The spriggan defender shouts!
Cast which spell? (? or * to list)
Your hands begin to glow red.
The spriggan defender blocks your attack.
The spriggan defender hits you with a +2 flail of protection!!
Ouch! That really hurt!
The spriggan defender blocks your attack.
You hit the spriggan defender but do no damage.
The spriggan defender misses you.
Unknown command.
You closely miss the spriggan defender.
The spriggan defender hits you with a +2 flail of protection.
The spriggan defender blocks your attack.
The spriggan defender hits you with a +2 flail of protection!!
You die...

#############.....)#
..♣.###.'..'......[+
♣..♣##..#..#.......#
.♣).###.##'##......#
...♣'...#♣.♣########
#########.....####
#..♣..♣....###
♣......♣...♣###
......♣.)...∩@i...)#
##### ##############


You could see a spriggan defender.

Vanquished Creatures
  Agnes (D)
  A spriggan druid (D)
  6 oklob plants (D)
  2 burning bushes (D)
  A wandering mushroom (D)
  A queen bee (D)
  4 killer bees (D)
  5 oklob saplings (D)
  A worker ant (D)
  A river rat (D)
  A rat (D)
  A ballistomycete spore (D)
25 creatures vanquished.

Vanquished Creatures (others)
  2 fungi (D)
2 creatures vanquished.

Grand Total: 27 creatures vanquished

Notes
Turn   | Place    | Note
-------+----------+-------------------------------------------
     0 | D        | Groucho the Spriggan Enchanter began the quest for the Orb.
     0 | D        | Reached XP level 1. HP: 9/9 MP: 5/5
    11 | D        | Reached skill level 6 in Stealth
    11 | D        | Reached skill level 7 in Stealth
    11 | D        | Reached XP level 2. HP: 13/13 MP: 6/6
    12 | D        | Reached skill level 8 in Stealth
   268 | D        | Noticed an oklob sapling
   269 | D        | Killed an oklob sapling
   270 | D        | Reached skill level 10 in Stealth
   270 | D        | Reached XP level 3. HP: 16/16 MP: 8/8
   272 | D        | Found the amulet of invisibility {+Inv}
   274 | D        | Reached skill level 12 in Stealth
   300 | D        | Found an opulent altar of Gozag.
   300 | D        | Found a hazy altar of Hepliaklqana.
   300 | D        | Found a roughly hewn altar of Beogh.
   300 | D        | Found a snail-covered altar of Cheibriados.
   301 | D        | Found a viscous altar of Jiyva.
   301 | D        | Found a burning altar of Makhleb.
   301 | D        | Found a sparkling altar of Nemelex Xobeh.
   301 | D        | Found a sacrificial altar of Ru.
   301 | D        | Found a shimmering blue altar of Sif Muna.
   301 | D        | Found a bloodstained altar of Trog.
   301 | D        | Found an ornate altar of the Wu Jian Council.
   301 | D        | Found a shimmering altar of Xom.
   301 | D        | Found a basalt altar of Yredelemnul.
   301 | D        | Noticed an oklob sapling priest
   302 | D        | Found an iron altar of Okawaru.
   302 | D        | Found a shadowy altar of Dithmenos.
   302 | D        | Found a glowing silver altar of Zin.
   303 | D        | Found an ancient bone altar of Kikubaaqudgha.
   303 | D        | Found a hide-covered altar of Uskayaw.
   304 | D        | Found a stormy altar of Qazlal.
   304 | D        | Found a white marble altar of Elyvilon.
   304 | D        | Found a glowing golden altar of the Shining One.
   305 | D        | Found a radiant altar of Vehumet.
   305 | D        | Found a corrupted altar of Lugonu.
   306 | D        | Became a worshipper of Makhleb the Destroyer
   309 | D        | Killed an oklob sapling priest
   310 | D        | Reached skill level 14 in Stealth
   310 | D        | Reached XP level 4. HP: 21/21 MP: 6/9
   321 | D        | Reached skill level 15 in Stealth
   321 | D        | Reached XP level 5. HP: 24/24 MP: 7/10
   481 | D        | Reached * piety under Makhleb
   482 | D        | Reached skill level 1 in Invocations
   510 | D        | Noticed a queen bee
   529 | D        | Killed a queen bee
   530 | D        | Reached XP level 6. HP: 28/28 MP: 10/16
   531 | D        | Reached ** piety under Makhleb
   532 | D        | Reached skill level 5 in Invocations
   535 | D        | Reached skill level 10 in Hexes
   535 | D        | Reached XP level 7. HP: 32/32 MP: 11/18
   537 | D        | Noticed an oklob plant
   540 | D        | Killed an oklob plant
   693 | D        | Learned a level 2 spell: Ensorcelled Hibernation
   697 | D        | Learned a level 3 spell: Confusing Touch
   701 | D        | Learned a level 3 spell: Tukima's Dance
   705 | D        | Learned a level 3 spell: Dazzling Flash
   714 | D        | Noticed a burning bush
   718 | D        | Killed a burning bush
   718 | D        | Reached *** piety under Makhleb
   719 | D        | Reached skill level 1 in Fighting
   719 | D        | Reached XP level 8. HP: 37/37 MP: 22/22
   738 | D        | Noticed a burning bush
   738 | D        | Noticed an oklob plant
   739 | D        | Noticed a wandering mushroom
   740 | D        | Killed a burning bush
   745 | D        | Killed an oklob plant
   749 | D        | Killed a wandering mushroom
   749 | D        | Reached **** piety under Makhleb
   750 | D        | Reached skill level 10 in Spellcasting
   750 | D        | Reached XP level 9. HP: 44/44 MP: 21/24
   914 | D        | Noticed a spriggan druid
   915 | D        | Killed a spriggan druid
   916 | D        | Reached skill level 5 in Short Blades
   927 | D        | Noticed an oklob plant conjurer
   928 | D        | Killed an oklob plant conjurer
  1184 | D        | Noticed an oklob plant
  1184 | D        | Noticed an oklob plant summoner
  1185 | D        | Noticed an oklob plant shifter
  1189 | D        | Killed an oklob plant
  1191 | D        | Killed an oklob plant summoner
  1191 | D        | Reached ***** piety under Makhleb
  1194 | D        | Killed an oklob plant shifter
  1195 | D        | Reached skill level 5 in Fighting
  1445 | D        | Noticed Agnes
  1446 | D        | Found Daptaero's Armour Emporium.
  1446 | D        | Found Dazurgh's Antique Weapon Shoppe.
  1447 | D        | Killed Agnes
  1448 | D        | Reached skill level 10 in Dodging
  1448 | D        | Reached skill level 10 in Invocations
  1448 | D        | Reached XP level 10. HP: 53/53 MP: 23/27
  1454 | D        | Noticed a spriggan defender
  1463 | D        | Slain by a spriggan defender

Illustrated notes

Levels and vault maps discovered:
D:        dungeon_sprint_fedhas [sprint_temple]

Skill      XL: |  1  2  3  4  5  6  7  8  9 |
---------------+----------------------------+-----
Stealth        | 7 10 14 15 | 15.3
Spellcasting   | 6 7 9 10 12 | 12.2
Hexes          | 8 10 12 13 14 | 14.0
Invocations    | 4 5 7 8 10 | 10.0
Fighting       | 1 3 5 |  5.9
Short Blades   | 2 4 8 |  8.1
Dodging        | 4 6 10 | 10.7
Conjurations   | 2 |  2.2
Ice Magic      | 2 |  2.5

Action                   |  1- 3 |  4- 6 |  7- 9 | 10-12 || total
-------------------------+-------+-------+-------+-------++-------
Melee: Dagger            |     7 |    12 |    25 |     5 ||    49
 Cast: Confusing Touch   |       |       |       |     1 ||     1
 Abil: Evoke Invisibilit |     1 |     2 |     4 |       ||     7
  Use: Potion            |     1 |       |     1 |       ||     2
       Scroll            |       |       |     2 |       ||     2
 Stab: Sleeping          |     3 |     6 |    13 |       ||    22
       Invisible         |       |     1 |       |       ||     1
Dodge: Dodged            |     2 |     1 |       |     1 ||     4
